 Dungeon Crawl Stone Soup version 0.25-a0-1133-g93ebf73 (webtiles) character file.

Game seed: 15360157141035406746, levelgen mode: deterministic

15 thirtiethelement the Stinger (level 2, -4/17 HPs)
             Began as an Octopode Venom Mage on May 21, 2020.
             Slain by a worm (11 damage)
             ... on level 2 of the Dungeon.
             The game lasted 00:04:22 (696 turns).

thirtiethelement the Stinger (Octopode Venom Mage)   Turns: 696, Time: 00:04:23

Health: -4/17      AC:  1    Str:  7    XL:     2   Next: 50%
Magic:  5/5        EV: 10    Int: 17    God:
Gold:   73         SH:  6    Dex: 12    Spells: 4/5 levels left

rFire    . . .     SeeInvis .   d - +0 dagger (venom)
rCold    . . .     Gourm    .   a - +0 kite shield (curse)
rNeg     . . .     Faith    .   (helmet restricted)
rPois    .         Spirit   .   (no amulet)
rElec    .         Reflect  .   (no ring)
rCorr    .         Harm     .   (no ring)
MR       .....                  (no ring)
Stlth    +++.......             (no ring)
HPRegen  0.05/turn              (no ring)
MPRegen  0.09/turn              (no ring)
                                (no ring)
                                (no ring)

@: no status effects
A: almost no armour, stealthy swim, amphibious, 8 rings, constrict 8, camouflage
1, gelatinous body 1
a: no special abilities


You were on level 2 of the Dungeon.
You were not hungry.

You visited 1 branch of the dungeon, and saw 2 of its levels.

You collected 73 gold pieces.

Inventory:

Hand Weapons
 d - a +0 dagger of venom (weapon)
Armour
 a - a cursed +0 kite shield (worn)
Comestibles
 b - a ration


   Skills:
 + Level 2.0 Dodging
 + Level 3.2 Stealth
 + Level 2.3 Spellcasting
 + Level 1.0 Transmutations
 + Level 4.0 Poison Magic


You had 4 spell levels left.
You knew the following spells:

 Your Spells              Type           Power        Failure   Level  Hunger
a - Sting                 Tmut/Pois      ##..         43%         1    #......

Your spell library contained the following spells:

 Spells                   Type           Power        Failure   Level  Hunger
 Poisonous Vapours        Pois/Air       #.....       65%         2    ###....
 Ignite Poison            Fire/Tmut/Pois #.......     89%         3    ###....
 Mephitic Cloud           Conj/Pois/Air  #.......     92%         3    ###....
 Olgreb's Toxic Radiance  Pois           ###.....     94%         4    #####..


Dungeon Overview and Level Annotations

Branches:
Dungeon (2/15)

Altars:


Innate Abilities, Weirdness & Mutations

You cannot wear most types of armour.
You are very stealthy in the water. (Stealth+)
You are amphibious.
You can wear up to eight rings at the same time.
You can use your tentacles to constrict eight enemies at once.
Your skin changes colour to match your surroundings (Stealth+).
Your rubbery body absorbs attacks. (AC +1, EV +1)


Message History

There is a stone staircase leading up here.
A leopard gecko, a bat and a hobgoblin come into view.
You see here a bubbling pink potion.
Found a stone staircase leading up.
A rat comes into view.
The worm bites you.
Found a ration.
You hit the worm.
The worm is poisoned.
You grab the worm.
The worm is lightly wounded.
You constrict the worm. The leopard gecko bites you.
You hit the worm.
The worm looks as sick as possible!
The worm is moderately wounded.
You constrict the worm. The leopard gecko bites you.
The worm barely misses you. The leopard gecko bites you.
You hit the worm.
The worm looks as sick as possible!
The worm is severely wounded.
You constrict the worm. You block the leopard gecko's attack.
The worm bites you!
Ouch! That really hurt!
You die...

##. ..g #####..
..l. ....... ...
......####.####
....#..<....... .
#>.#....#####
..<###...!#.##
##.b..#.#...[###
......w@l........
######[####....##
#. #..... ..
....# ... ....
.... .... ....%
..# .r....


You could see a worm (extremely poisoned), a leopard gecko, a bat (asleep) and a
rat (asleep).

Vanquished Creatures
  4 bats (D:1)
  A giant cockroach (D:1)
  A goblin (D:1)
  6 hobgoblins (D:1)
12 creatures vanquished.

Notes
Turn   | Place    | Note
-------+----------+-------------------------------------------
     0 | D:1      | thirtiethelement the Octopode Venom Mage began the quest
                  | for the Orb.
     0 | D:1      | Reached XP level 1. HP: 11/11 MP: 3/3
   169 | D:1      | Reached XP level 2. HP: 17/17 MP: 5/5
   577 | D:1      | Reached skill level 4 in Poison Magic
   696 | D:2      | Slain by a worm

Illustrated notes

Levels and vault maps discovered:
D:1:      saegor_arrival_simple_d, layout_basic, serial_corexii_hall,
          corexii_hall_statues_x, corexii_hall_statues_l,
          corexii_hall_statues_deadend, corexii_hall_statues_l,
          hangedman_decor_lopped, minivault_4
D:2:      layout_rooms, chequers_temple_overflow_statue_of_worship,
          first_ration, hangedman_abyss_or_decor_lesser_grid,
          uniq_crazy_yiuf_cottage

Skill      XL: |  1  2 |
---------------+-------+-----
Stealth        | 3 |  3.2
Poison Magic   | 4 |  4.0
Dodging        | |  2.0
Spellcasting   | |  2.3
Transmutations | |  1.0

Action                   || total
-------------------------++-------
Melee: Dagger            ||    23
       Constrict         ||     9
       Tentacles         ||     4
       Unarmed           ||     2
 Cast: Sting             ||     2
  Use: Scroll            ||     6
 Stab: Sleeping          ||     4
Armor: Skin              ||     3
Dodge: Dodged            ||    13
Block: Kite shield       ||     2

Table legend:
 A = Non-vault XP
 B = Vault XP
 C = Vault XP percentage of total XP
 D = Non-vault monster count
 E = Vault monster count
 F = Vault count percentage of total count
                 A         B        C        D         E       F
            +---------+---------+-------+---------+---------+-------
      Total |      22 |       0 |   0.0 |      12 |       0 |   0.0
            +---------+---------+-------+---------+---------+-------
        D:1 |      22 |       0 |   0.0 |      12 |       0 |   0.0
            +---------+---------+-------+---------+---------+-------
